 Seeded DCSS version 0.29-a0-321-gf1c4007 (webtiles) character file.

Game seed: 4207091908060292512 (custom seed)

54 brinewave the Digger (level 3, -1/23 (28) HPs)
             Began as a Deep Dwarf Earth Elementalist on Apr 3, 2022.
             Slain by an orc
             ... wielding a +1 mace of draining
              (2 damage)
             ... on level 2 of the Dungeon.
             The game lasted 00:14:00 (1914 turns).

brinewave the Digger (DDEE)                         Turns: 1914, Time: 00:14:01

HP:   -1/23 (28)    AC:  3    Str: 11    XL:     3   Next: 66%
MP:   6/6           EV: 12    Int: 23    God:
Gold: 76            SH:  0    Dex: 13    Spells: 5/6 levels left

rFire   . . .      SeeInvis .   o - +0 hunting sling
rCold   . . .      Faith    .   (no shield)
rNeg    . . .      Spirit   .   b - +0 robe
rPois   .          Reflect  .   (no helmet)
rElec   .          Harm     .   (no cloak)
rCorr   .          Rampage  .   (no gloves)
Will    .....                   i - +0 pair of boots
Stlth   ++........              (no amulet)
HPRegen 0.00/turn               g - +6 ring of intelligence
MPRegen 0.10/turn               (no ring)

@: studying Unarmed Combat, heavily drained
A: damage resistance, heal wounds, sense surroundings 1, no regeneration
a: Heal Wounds


You were on level 2 of the Dungeon.
You visited 1 branch of the dungeon, and saw 3 of its levels.

You collected 76 gold pieces.

Inventory:

Hand Weapons
 n - a +0 short sword
 o - a +0 hunting sling (weapon)
 r - a +0 hand axe
Missiles
 a - 66 stones
 j - a javelin
 l - 5 silver boomerangs
Armour
 b - a +0 robe (worn)
 i - a +0 pair of boots (worn)
Jewellery
 g - a +6 ring of intelligence (left hand)
 p - a ring of fire
Scrolls
 e - a scroll of enchant armour {unknown}
 h - a scroll of fear
 k - a scroll of amnesia {unknown}
 m - a scroll of magic mapping {unknown}
 t - a scroll of immolation {unknown}
Potions
 c - a potion of magic
 d - a potion of lignification {unknown}
 f - 2 potions of mutation
 q - a potion of attraction {unknown}
 s - 2 potions of flight {unknown}
 u - a potion of curing {unknown}


   Skills:
 + Level 0.4(0.5) Slings
 - Level 0.2(0.4) Throwing
 + Level 2.8 Dodging
 + Level 3.1 Stealth
 + Level 2.1 Spellcasting
 + Level 1.5 Transmutations
 + Level 4.4 Earth Magic


You had 5 spell levels left.
You knew the following spells:

 Your Spells              Type           Power      Damage    Failure   Level
a - Sandblast             Erth           46%        2d11      1%          1

Your spell library contained the following spells:

 Spells                   Type           Power      Damage    Failure   Level
 Passwall                 Tmut/Erth      13%        N/A       5%          2
 Summon Small Mammal      Summ           8%         N/A       13%         1
 Stone Arrow              Conj/Erth      24%        3d8       16%         3
 Call Canine Familiar     Summ           2%         N/A       36%         3
 Summon Guardian Golem    Hex/Summ       2%         N/A       36%         3
 Petrify                  Tmut/Erth      16%        N/A       36%         4


Dungeon Overview and Level Annotations

Branches:
Dungeon (3/15)

Altars:

Annotations:
D:3 Sigmund


Innate Abilities, Weirdness & Mutations

You are resistant to damage.
You can heal yourself by infusing magical energy.
You passively map a small area around you.
You do not regenerate.


Message History

The orc shouts! x2; The orc wizard shouts!
You hear an angry hiss.
Found a book of Flames.
Found a stone staircase leading down.
There is a stone staircase leading up here.
There are monsters nearby!
The orc misses you. The orc wizard casts a spell at you.
You are confused.
In your confused state, you trip and fall back down the stairs.
The orc barely misses you. The orc hits you with a +0 hand axe.
Sigmund casts a spell.
Sigmund flickers and vanishes!
Deactivating autopickup; reactivate with Ctrl-A.
The orc wizard gestures at you while chanting.
The puff of flame hits you! The orc hits you with a +0 whip.
The orc hits you with a +1 mace of draining.
You feel drained. The orc misses you.
In your confused state, you trip and fall back down the stairs.
The orc hits you with a +0 whip.
The orc hits you with a +1 mace of draining.
You feel drained. The orc barely misses you.
The orc wizard points at you and mumbles some strange words.
You resist with some effort. The orc hits you with a +0 hand axe.
The orc misses you.
The orc hits you with a +1 mace of draining.
You feel drained.
The orc wizard hits you with a +0 dagger of protection.
A puff of flame appears from out of thin air!
The puff of flame misses you.
You climb upwards.
Reactivating autopickup.
There is a stone staircase leading down here.
You are too confused!
You barely miss the orc wizard.
You feel less confused. The orc wizard closely misses you.
The orc hits you with a +0 whip.
The orc hits you with a +1 mace of draining!
* * * LOW HITPOINT WARNING * * *
You feel drained.
You die...

###...#####....................#.
####........##.##.##########†###.
.......#######....# #....# ##
.....<.)# ###..# #.####
....###.#### ##..## #.# ....#
#....## #....# #.# ....#
####..###.##.######.# ....#
##..##o##.....##.####### ....#
##...o@o.###....>....#. ###.#
####....o##..#...######...
###.####....#######.#.### #...
.........#### #...# #...
.........### ##..# #...
..†.####...## #..## ##..
......####..###### ##..# ###...
....#.#####<....[###..÷#####.....
..)..........###........##...#...


You could see an orc wizard and 3 orcs.

Vanquished Creatures
  2 adders (D:2)
  A worm (D:2)
  4 dart slugs
  5 ball pythons
  5 bats
  2 endoplasms
  A giant cockroach (D:2)
  A goblin (D:1)
  2 hobgoblins
  A frilled lizard (D:2)
  2 kobolds (D:1)
  3 rats (D:2)
29 creatures vanquished.

Vanquished Creatures (others)
  A fungus (D:2)
1 creature vanquished.

Grand Total: 30 creatures vanquished

Notes
Turn   | Place    | Note
-------+----------+-------------------------------------------
     0 | D:1      | brinewave the Deep Dwarf Earth Elementalist began the quest
                  | for the Orb.
     0 | D:1      | Reached XP level 1. HP: 15/15 MP: 3/3
   280 | D:1      | Reached skill level 1 in Transmutations
   789 | D:1      | Reached XP level 2. HP: 22/22 MP: 4/4
  1384 | D:2      | Found a faded altar of an unknown god.
  1517 | D:2      | Reached XP level 3. HP: 28/28 MP: 2/6
  1908 | D:3      | Noticed Sigmund
  1914 | D:2      | HP: 1/25 [orc/+1 mace of draining (7)]
  1914 | D:2      | Slain by an orc

Illustrated notes

Levels and vault maps discovered:
D:1:      saegor_arrival_simple_d, layout_basic, minmay_3d_cube
D:2:      layout_rooms, hellmonk_ecumenical_altar_inner_sanctum,
          dreamdust_mushroom_princess
D:3:      minmay_evil_eye, layout_rooms, serial_shops,
          nicolae_shop_hallway_plus, uniq_sigmund

Skill      XL: |  1  2 |
---------------+-------+-----
Transmutations | 1 |  1.5
Spellcasting   | 2 |  2.1
Stealth        | 3 |  3.1
Slings         | |  0.4
Throwing       | |  0.2
Dodging        | |  2.8
Earth Magic    | |  4.4

Action                   || total
-------------------------++-------
Melee: Hunting sling     ||     1
 Fire: Hunting sling     ||     8
Throw: Javelin           ||    22
       Boomerang         ||     8
       Stone             ||     2
 Cast: Sandblast         ||    23
  Use: Scroll            ||     3
Dodge: Dodged            ||    13

Table legend: (Time is in decaauts)
 A = Elapsed time spent in this place.
 B = Non-inter-level travel time spent in this place.
 C = Inter-level travel time spent in this place.
 D = Time resting spent in this place.
 E = Time spent auto-exploring this place.
 F = Levels seen in this place.
 G = Mean time per level.
                   A        B        C        D        E       F      G
               +--------+--------+--------+--------+--------+-----+--------+
         Total |   1929 |   1873 |     56 |    166 |   1294 |   3 |  643.0 |
       Dungeon |   1929 |   1873 |     56 |    166 |   1294 |   3 |  643.0 |
               +--------+--------+--------+--------+--------+-----+--------+

Top non-repeatable levels by time:
     D:1: 1238 daAuts
     D:2: 685 daAuts
     D:3: 5 daAuts
